[Event "Dutch Open 2022"]
[Site "Dieren"]
[Date "2022.07.27"]
[Round "2.13"]
[White "Op den Dries, Johan"]
[Black "Vos, Tjark"]
[Result "1/2-1/2"]
[ECO "A03"]
[WhiteElo "2104"]
[BlackElo "2224"]
[Annotator "TA"]
[PlyCount "84"]
[EventDate "2022.07.14"]
[EventType "swiss"]
[EventCountry "NED"]
[SourceTitle "playchess.com"]
[Source "ChessBase"]
[SourceQuality "1"]
[TimeControl "40/5400+30:1800+30"]

1. d4 Nf6 2. e3 g6 3. f4 Bg7 4. Nf3 c5 5. c3 O-O 6. Bd3 d5 7. O-O b6 8. Ne5 Ba6 9. Bxa6 Nxa6 10. Nd2 Nc7 {[%emt 1:26:51] A03: Bird's Opening with 1...d5.} 11. Qf3 e6 12. b3 Nb5 {[%emt 0:00:00] Black has an edge.} 13. Bb2 Nd6 {[%emt 0:00:00] [#]} 14. c4 $146 ({Predecessor:} 14. Ng4 Nxg4 15. Qxg4 Rc8 16. Rac1 b5 17. Ba3 b4 18. Bb2 Qa5 19. a4 bxa3 20. Ba1 cxd4 21. b4 Qc7 22. Rc2 Nf5 {0-1 (22) Rehtman,P (2046)-Bleker,F (2139) ICCF email 2007}) 14... cxd4 15. Bxd4 Rc8 16. Rfd1 Qe7 17. Rac1 Nf5 18. cxd5 (18. Bb2 $11) 18... Nxd4 ({Not} 18... exd5 19. g4 Nh4 20. Qe2 $11) (18... Nxd5 $142 19. g3 Rfd8) 19. exd4 $17 Nxd5 20. Ne4 Qb4 (20... Rxc1 $1 $17 21. Rxc1 f6) 21. Nc6 (21. Qf2 $1 $15) 21... Qa3 22. Qf2 Rc7 (22... f5 $142 23. Ng5 Qd6) 23. Rc4 Ra8 24. g3 $2 (24. Ne5 $17 {was worth a try.}) 24... b5 $1 $19 25. Rc5 Bf8 $1 26. Rc2 (26. Ne5 $142 Bxc5 27. dxc5) 26... Qa6 $2 ({Black should play} 26... Rac8 $19 27. Rdc1 Rxc6 28. Rxc6 Qxc1+ 29. Rxc1 Rxc1+ 30. Kg2 Rc2 $3 31. Qxc2 (31. Nf6+ $2 Kh8 $19) 31... Ne3+ 32. Kf3 Nxc2) 27. Ne5 $1 $15 Rxc2 28. Qxc2 Rc8 29. Qe2 f5 30. Nc5 Bxc5 (30... Rxc5 $17 31. dxc5 Nc3) 31. dxc5 $11 Nc3 32. Qd3 Nxd1 33. Qxd1 {[%emt 0:01:29][%mdl 4096] Endgame [#] KQR-KQN} (33. Qd7 $1 $11 Rf8 34. Qxd1) 33... Qb7 $1 $17 ({Much weaker is} 33... Qxa2 $6 34. Qd7 Qb1+ 35. Kg2 $11) 34. c6 Qb6+ 35. Kf1 $1 Rd8 {[%emt 0:00:29] Inhibits Qd7.} (35... Qd8 $15 {is more appropriate.} 36. Qd7 Qxd7 37. cxd7 Rd8) 36. Nd7 $1 $36 {[%emt 0:01:44][%mdl 2048] White fights for an advantage. The position is equal.} Qc7 (36... Qxc6 $5 37. Nf6+ Kf7 38. Qxd8 Qc1+ 39. Kf2 Qb2+ 40. Kf3 Qc3+ 41. Kg2 Qb2+ 42. Kh3 Qxf6 43. Qd7+ Qe7 44. Qxb5 g5 $11) 37. Qd4 Qxc6 38. Nf6+ {[%emt 0:00:47][%mdl 64] Discovered Attack} Kf7 39. Qxd8 {[%emt 0:00:10] aiming for Qg8+.} Qh1+ 40. Kf2 Qxh2+ 41. Kf3 {[%emt 0:30:04] Intending Qe8+ and mate.} Qh1+ 42. Kf2 {[%emt 0:00:04] White wants to mate with Qe8+.} Qh2+ {[%emt 0:00:18] Weighted Error Value: White=0.30/Black=0.28 (precise)} 1/2-1/2

[Event "Dutch Open 2022"]
[Site "Dieren"]
[Date "2022.07.27"]
[Round "2.14"]
[White "Albers, Sasa"]
[Black "Labruyere, Roger"]
[Result "1-0"]
[ECO "B40"]
[WhiteElo "2203"]
[BlackElo "2070"]
[Annotator "TA"]
[PlyCount "123"]
[EventDate "2022.07.14"]
[EventType "swiss"]
[EventCountry "NED"]
[SourceTitle "playchess.com"]
[Source "ChessBase"]
[SourceQuality "1"]
[TimeControl "40/5400+30:1800+30"]

1. e4 c5 2. Nf3 e6 3. d4 cxd4 4. Nxd4 Nf6 5. Bd3 Nc6 6. Nxc6 dxc6 7. O-O e5 8. Nd2 Bd6 9. Nc4 {[%emt 0:07:35] B40: Sicilian: 2...e6, Unusual lines.} Bc7 10. Bg5 h6 11. Bh4 {[%emt 0:01:04] The position is equal.} g5 12. Bg3 Qe7 $1 13. Qd2 Nh5 {[%emt 0:03:27] [#]} 14. Ne3 $146 ({Predecessor:} 14. a4 Nxg3 15. fxg3 Be6 16. Kh1 Rd8 17. Ne3 O-O 18. Qe2 f6 19. Bc4 Bxc4 20. Qxc4+ {1-0 (33) Honari,K-Rashid,A Iran 1997}) 14... Nf4 15. Rfe1 (15. Bc4 {keeps more tension.} h5 16. Rad1 h4 17. Nf5) 15... O-O 16. Qc3 Nxd3 (16... Bb6 {looks sharper.} 17. Nf5 Bxf5 18. exf5 Nxd3 19. Qxd3 f6) 17. cxd3 Re8 18. Nc4 c5 19. Ne3 Qd6 20. Rac1 b6 21. b4 f6 22. bxc5 (22. Nd5 {is interesting.} Bd8 23. bxc5 bxc5 24. Qa3) 22... bxc5 23. Qxc5 Qxc5 24. Rxc5 Bb6 25. Rc6 Re6 26. Rec1 Bd7 27. R6c2 Rd6 28. Nd5 Kf7 29. Kf1 Be6 30. Nc7 Bxc7 31. Rxc7+ Kg6 32. R1c6 Rxc6 33. Rxc6 $14 {[%emt 0:00:02][%mdl 4096] Endgame KRB-KRB} Kf7 34. Ra6 Bc8 35. Ra5 a6 36. Ke2 Ra7 37. f3 Rb7 38. Be1 Rb5 39. Rxb5 axb5 {[%emt 0:00:03] KB-KB} 40. Kd2 h5 41. Kc3 Ke6 42. Kb4 Bd7 43. Kc5 h4 44. g3 hxg3 45. hxg3 Be8 46. Bd2 Bd7 47. f4 gxf4 48. gxf4 Be8 (48... f5 $16) 49. a3 ({White should try} 49. f5+ $18 Ke7 50. Bb4) 49... f5 (49... exf4 $16 {was worth a try.} 50. Bxf4 Bd7) 50. fxe5 $1 $18 Kxe5 51. Bc3+ $1 Ke6 {[%emt 0:00:33] [#]} 52. e5 {[%emt 0:00:08] aiming for d4.} f4 53. d4 {[%emt 0:00:12][%cal Bd3d4,Bd4d5][%mdl 32] Threatens to win with d5+.} f3 {[%emt 0:01:09] [#]} 54. Be1 Bd7 $2 (54... Bg6 55. Bf2 (55. Kxb5 Kd5 $16) 55... Bf5 56. Kxb5 Kd5) 55. Bg3 {[%emt 0:00:23] White threatens d5+ and mate.} Be8 56. d5+ Ke7 57. Bh4+ {[%emt 0:00:13] White mates.} Kd7 58. Kxb5 Bf7 59. e6+ Bxe6 60. dxe6+ Kxe6 61. Kb6 Kd7 62. Kb7 {[%emt 0:00:07] Weighted Error Value: White=0.07 (flawless) /Black=0.25 (precise)} 1-0

[Event "Dutch Open 2022"]
[Site "Dieren"]
[Date "2022.07.27"]
[Round "2.15"]
[White "Bus, Tom"]
[Black "Pijkeren, Jan"]
[Result "1-0"]
[ECO "B38"]
[WhiteElo "2102"]
[BlackElo "2196"]
[Annotator "TA"]
[PlyCount "151"]
[EventDate "2022.07.14"]
[EventType "swiss"]
[EventCountry "NED"]
[SourceTitle "playchess.com"]
[Source "ChessBase"]
[SourceQuality "1"]
[TimeControl "40/5400+30:1800+30"]

1. d4 {[%emt 0:00:09] Tsesarsky,I} Nf6 2. Nf3 g6 3. c4 c5 4. Nc3 cxd4 5. Nxd4 Nc6 6. e4 d6 7. Be2 Bg7 8. Be3 Bd7 9. O-O O-O 10. Qd2 a6 11. f3 Rb8 12. Rfd1 b5 {[%emt 0:03:19] B38: Sicilian: Maroczy Bind with 5...Bg7 and 7...0-0.} 13. cxb5 (13. Nxc6 {seems wilder.} Bxc6 14. cxb5 axb5 15. b4) 13... Nxd4 14. Bxd4 (14. Qxd4 Ng4 $1 15. Qd3 Nxe3 16. Qxe3 axb5 $15) 14... Bxb5 {[%emt 0:05:37] White is slightly better.} 15. Nxb5 axb5 16. Qb4 Nd7 {[%emt 0:03:15][%cal Bf6d7,Bd7e5,Be5c4][%mdl 32] [#]} 17. Bxg7 $146 {[%emt 0:01:53] 0x0.00144d5e6515dp-1022s more active pieces.} (17. Bxb5 Bxd4+ 18. Rxd4 Qb6 19. Bxd7 (19. a4 e5 $17) 19... Qxb4 20. Rxb4 Rxb4 $17) ({Predecessor:} 17. Be3 Nc5 18. Rac1 Qb6 19. Rc2 h5 20. f4 Qb7 21. Bf3 Qa6 22. b3 Rfc8 23. e5 {½-½ (49) Horvath,G (2450)-Anastasian,A (2550) Budapest 1996 EXT 2020 [Tsesarsky,I]}) 17... Kxg7 18. Kh1 ({White should try} 18. Rd5 $16) 18... Qb6 $1 $11 19. Rac1 Ne5 20. f4 Nc4 21. b3 Qf2 ({Better is} 21... Qe3 $14) 22. Bf3 $16 ({Don't play} 22. bxc4 $6 Qxe2 23. Re1 Qd3 $11) ({Much weaker is} 22. Bxc4 $6 bxc4 23. Qc3+ (23. Qxc4 Rfc8 $15) 23... f6 $11) 22... Nb6 23. Qc3+ Kg8 24. Rd2 Qh4 {[%emt 0:01:45] Strongly threatening ...Rfc8.} 25. g3 Qh3 26. Bg2 Qc8 27. Rdc2 Qa6 {[%emt 0:01:33] Inhibits Qa5.} 28. Bf1 Qb7 (28... Qa8 $11 {remains equal.}) 29. Qb4 (29. Bxb5 $6 Qxe4+ 30. Kg1 Nd5 $11) (29. Qd4 $142) 29... Rfc8 30. Bg2 ({But not} 30. Bxb5 Rxc2 31. Rxc2 Nd5 $11) 30... Qa6 31. Rxc8+ Nxc8 32. Rc2 Nb6 33. h3 Nd7 34. Kh2 Qb6 (34... Qa7 $11 {keeps the balance.}) 35. e5 $1 Nc5 36. exd6 $1 exd6 37. Qd4 b4 38. Bd5 Ne6 {[%emt 0:01:05] [#]} 39. Rc8+ $1 Nf8 40. Qxb6 Rxb6 $14 {[%emt 0:00:05][%mdl 4096] Endgame KRB-KRN} 41. Ra8 Rb5 $1 42. Bc4 Rc5 43. Rd8 Ra5 44. Rxd6 Rxa2+ 45. Kg1 Rb2 46. Rb6 Ne6 $1 47. Bxe6 fxe6 48. Rxb4 $11 {[%emt 0:00:23] KR-KR} Kf7 49. Rb6 h6 50. h4 h5 51. Kf1 Kf6 52. Rb5 Rc2 53. b4 {[%emt 0:00:39][%cal Bb3b4,Bb4b5][%mdl 32] And now Rc5 would win.} Rb2 54. Ke1 Rg2 $2 {[%emt 0:00:48][%mdl 8192] [#] Loses the game.} (54... Rb1+ $11 {and Black has nothing to worry.} 55. Kf2 Rb3) 55. Rg5 $1 $18 e5 56. fxe5+ Ke6 (56... Kf7 $142 57. b5 Rc2) 57. b5 Rb2 58. Rxg6+ Kxe5 59. Rg5+ Ke4 60. Rxh5 Ke3 61. Re5+ Kd4 62. Rg5 {[%emt 0:00:13] h5 would kill now.} Ke3 63. Kf1 Kf3 64. Kg1 Rg2+ {[%emt 0:01:03] [#]} 65. Kh1 $1 Rd2 66. h5 {[%emt 0:00:30][%cal Bh4h5,Bh5h6][%mdl 32] White threatens b6 and mate.} Re2 67. b6 {[%emt 0:00:50] White mates.} Rb2 68. Rg6 Rb5 69. h6 Kf2 70. Rf6+ Kxg3 71. Rg6+ Kf3 72. Kh2 Kf4 73. Rf6+ Kg4 74. Kg2 Rb2+ 75. Kf1 Kg5 76. Rc6 {[%emt 0:00:06] Weighted Error Value: White=0.14 (very precise) /Black=0.41} 1-0

[Event "Dutch Open 2022"]
[Site "Dieren"]
[Date "2022.07.27"]
[Round "2.16"]
[White "Kumar, Prajit Sai"]
[Black "Vogel, Jaap"]
[Result "1-0"]
[ECO "D02"]
[WhiteElo "2040"]
[BlackElo "2147"]
[Annotator "TA"]
[PlyCount "121"]
[EventDate "2022.07.14"]
[EventType "swiss"]
[EventCountry "NED"]
[SourceTitle "playchess.com"]
[Source "ChessBase"]
[SourceQuality "1"]
[TimeControl "40/5400+30:1800+30"]

1. d4 e6 2. Nf3 Nf6 3. Bf4 c5 4. c3 d5 5. e3 Bd6 6. Nbd2 {[%emt 0:00:12] D02: 1 d4 d5 2 Nf3 sidelines, including 2...Nf6 3 g3 and 2...Nf6 3 Bf4.} cxd4 7. Bxd6 (7. Nxd4 $2 e5 8. Bb5+ Kf8 9. Bxe5 Bxe5 $19) 7... Qxd6 8. exd4 {[%emt 0:00:25] White is slightly better.} Nc6 9. Bd3 Bd7 10. O-O Ne7 11. Ne5 {[%emt 0:01:32] [#]} a6 $146 ({Predecessor:} 11... Ng6 12. f4 O-O 13. g4 Ne8 14. g5 Nxe5 15. fxe5 Qe7 16. Qh5 g6 17. Qh6 Ng7 18. Rf4 Nf5 19. Bxf5 exf5 20. Rh4 f6 21. gxf6 Qf7 22. Nf3 {1-0 (22) Hava,J-Trepka,J Klatovy 2003}) 12. a4 Bc6 13. Qe2 Nd7 14. f4 g6 15. b4 {[%emt 0:05:23] Strongly threatening b5.} Nb6 16. Bc2 O-O 17. a5 Bb5 18. Bd3 Bxd3 19. Qxd3 Nbc8 20. Rae1 {[%emt 0:01:37] 0x0.00144b11fa89dp-1022s more active pieces. The black rooks are badly placed.} Qc7 21. Nb3 Nd6 22. Nc5 Nc6 (22... Ne4 $14) 23. Qh3 Nxe5 (23... Ne4 {is a better defense.}) 24. fxe5 $18 (24. dxe5 Nc4 $14) 24... Nf5 (24... Ne8 25. Qh6 Qe7) 25. Rf3 $2 ({White has to play} 25. g4 $18) 25... h5 $14 26. g4 hxg4 27. Qxg4 $40 {[%emt 0:00:06][%mdl 128] White is up to no good.} Kg7 28. Qg5 Rh8 $1 29. Qf6+ Kg8 30. Kh1 ({White should play} 30. Rd1 $1 $14) 30... Re8 (30... Rh6 $11) 31. c4 (31. Rd1 $1 $14) 31... dxc4 (31... Qd8 $11 32. Nxb7 (32. Qxd8 Rxd8 33. Nxb7 Rb8 $11) 32... Qxf6 33. exf6 Nxd4) 32. d5 $1 exd5 (32... Rh7 $16) 33. Rxf5 $18 d4 (33... c3 $142 34. Rf2 Qe7) 34. Rg5 Rh6 35. Qf2 d3 36. e6 f5 37. Qg2 $2 (37. Rg2) 37... Qg7 (37... Qc6) 38. Qd5 $2 ({Better is} 38. Rf1 $18) 38... Rxh2+ $1 $11 39. Kg1 Kh7 40. Rg2 (40. Qxc4 $2 d2 41. Rf1 Qh6 $19) (40. Rf1 $1 $16 {[%cal Rf1f5] Threatens to win with Rfxf5.} Rh5 41. Rfxf5 Rxg5+ 42. Rxg5 Qa1+ 43. Kg2 (43. Kh2 Rh8 $11)) 40... Rxg2+ $4 (40... Rh4 $14) 41. Kxg2 $18 Qf6 42. Rh1+ Kg7 43. Qxc4 Qb2+ 44. Kg3 d2 {[%emt 0:00:32] aiming for ...Qe5+.} 45. Nd3 {[%emt 0:00:00] Against Qe5+} (45. Qh4 {Threatening mate with Qh7+.} Qc3+ 46. Kf2 d1=N+ 47. Rxd1 Qc2+ 48. Ke1 Qc3+ 49. Ke2 (49. Kf1 Qf3+ 50. Ke1 Qe3+ 51. Kf1 Qf3+ 52. Ke1 Qe3+ 53. Kf1 Qf3+ $11)) 45... Qf6 46. Qc7+ (46. Qf4 Qxe6 47. Qh6+ Kf7 48. Qh7+ Kf6 49. Qh4+ Kf7 50. Qh7+ Kf6 51. Qh4+ Kf7 52. Qh7+ $11) 46... Re7 47. Qc8 (47. Qf4 $6 g5 48. Qxd2 f4+ 49. Kg2 Rxe6) (47. Qb8 $1 $18 Qg5+ 48. Kf2 d1=N+ 49. Rxd1 Qh4+ 50. Qg3 Qd4+ 51. Kf1 Rxe6 52. Qc7+ Kh6 53. Qxb7) 47... Qg5+ $11 48. Kf2 d1=N+ $1 49. Rxd1 {[%emt 0:56:37] Really sharp!} Qh4+ 50. Kf1 Qh1+ 51. Ke2 Qe4+ {[%emt 0:00:00][%mdl 8192] [#]} (51... Qh5+ $1 $11 {and Black stays safe.} 52. Kd2 Qh2+ 53. Ke1 Qh1+ 54. Ke2 (54. Kd2 Qh2+ 55. Ke3 Qh3+ 56. Kf2 Qh4+ 57. Kf1 Qh1+ 58. Ke2 Qh5+ 59. Ke1 Qh1+ 60. Ke2 $11) 54... Qh5+ 55. Ke1 (55. Kd2 Qh2+ 56. Ke3 Qh3+ 57. Kf2 Qh4+ 58. Kf1 Qh1+ 59. Ke2 $11) 55... Qh1+ 56. Ke2 (56. Kd2 Qh2+ 57. Ke3 Qh3+ 58. Kf2 Qh4+ 59. Kf1 Qh1+ 60. Ke2 $11)) 52. Kd2 $1 $18 Rxe6 53. Qc3+ (53. Re1 Qg2+ 54. Kd1 Qg4+ 55. Kd2 Qg5+ 56. Kd1 Qg4+ 57. Kd2 Qg5+ 58. Kd1 Qg4+ $11) 53... Kf7 54. Kc1 ({Much less strong is} 54. Re1 $6 Qg2+ 55. Kd1 Qf3+ 56. Kd2 Qg2+ 57. Kc1 Qg5+ 58. Kb1 Rxe1+ 59. Qxe1 (59. Nxe1 Qe7 $16) 59... Qe7) 54... g5 55. Kb2 {[%emt 0:00:00] Hoping for Nc5.} Kg6 $2 (55... Qd5 {is more resistant.} 56. Rd2 Re3) 56. Nc5 Qg2+ 57. Kb3 Re2 58. Rd8 ({Less strong is} 58. Rd7 Kh5 59. Nxb7 f4 $18) 58... Kh5 {[%emt 0:00:27] [#]} 59. Nd3 ({White should try} 59. Nxb7 $1 $18 f4 (59... Qf1 60. Ka3) 60. Nc5 (60. Rh8+ $2 Kg4 $19)) 59... Qe4 $2 (59... Re3 $16) 60. Qh8+ Kg4 61. Rd4 {[%emt 0:00:00] Weighted Error Value: White=0.58/Black=0.55} 1-0

[Event "Dutch Open 2022"]
[Site "Dieren"]
[Date "2022.07.27"]
[Round "2.17"]
[White "Saketh, Pedagandham"]
[Black "De Boer, Bas"]
[Result "1/2-1/2"]
[ECO "B22"]
[WhiteElo "1928"]
[BlackElo "2136"]
[Annotator "TA"]
[PlyCount "46"]
[EventDate "2022.07.14"]
[EventType "swiss"]
[EventCountry "NED"]
[SourceTitle "playchess.com"]
[Source "ChessBase"]
[SourceQuality "1"]
[TimeControl "40/5400+30:1800+30"]

1. e4 c5 2. c3 Nf6 3. e5 Nd5 4. d4 cxd4 5. Nf3 d6 6. cxd4 Nc6 7. Bc4 Nb6 8. Bb5 dxe5 9. Nxe5 Bd7 10. Nxd7 Qxd7 11. O-O e6 12. Nc3 {[%emt 0:05:35] The position is equal.} Rd8 $1 {[%emt 0:00:41][%cal Ba8d8,Bd8d4,Bd4c4][%mdl 4] outshines the older 12...Be7. B22: Sicilian: 2 c3.} 13. Bg5 Be7 14. Bxe7 Qxe7 15. Qf3 O-O 16. Bxc6 bxc6 17. Qxc6 Rxd4 18. Rad1 $36 {[%emt 0:01:54][%mdl 2048] White has some pressure.} Rc4 19. Qd6 Qb7 20. Rd4 {[%emt 0:05:46] [#]} Rcc8 $146 ({Predecessor:} 20... h6 21. Rfd1 Rfc8 22. h3 Rxd4 23. Qxd4 Qc6 24. Rd3 Qc4 25. Qd6 Qc7 26. Qxc7 Rxc7 {1-0 (55) Maksimenko,A (2499)-Damljanovic,B (2625) Zlatibor 2006}) 21. Qb4 {[%emt 0:15:27] Against Nc4} Qb8 22. Rfd1 Qe5 23. g3 g6 {[%emt 0:01:49] A balanced but interesting game.  Weighted Error Value: White=0.02 (flawless) /Black=0.02 (flawless)} 1/2-1/2

[Event "Dutch Open 2022"]
[Site "Dieren"]
[Date "2022.07.27"]
[Round "2.18"]
[White "Kohler, Aran"]
[Black "Achuthan, Dylan"]
[Result "0-1"]
[ECO "D03"]
[WhiteElo "2121"]
[BlackElo "1989"]
[Annotator "TA"]
[PlyCount "112"]
[EventDate "2022.07.14"]
[EventType "swiss"]
[EventCountry "NED"]
[SourceTitle "playchess.com"]
[Source "ChessBase"]
[SourceQuality "1"]
[TimeControl "40/5400+30:1800+30"]

1. d4 Nf6 2. c3 g6 3. Bg5 Bg7 4. Nd2 d5 5. e3 O-O 6. Bd3 c5 7. Ngf3 Qb6 8. Rb1 Nc6 {[%emt 0:01:56] D03: 1 d4 d5 2 Nf3 Nf6 3 Bg5, including Torre Attack with early ...d5.} 9. h3 Re8 10. Bf4 {[%emt 0:00:24] [#]} (10. dxc5 $11 Qxc5 11. O-O) 10... Nd7 (10... cxd4 11. exd4 Nd7) (10... cxd4 $1 $17 {aiming for ...e5.} 11. exd4 Nd7) 11. O-O $11 e5 12. dxe5 Ndxe5 {[%emt 0:01:49] [#]} 13. Bc2 $146 ({Predecessor:} 13. Nxe5 Nxe5 14. Bc2 Qa6 15. a3 Nd3 16. Bxd3 Qxd3 17. Nf3 Bf5 18. Rc1 Qc4 19. Qd2 {0-1 (36) Feierfeil,J (1978)-Voracek,M (2153) Ricany 2007}) 13... Be6 14. Ng5 Bd7 15. b4 h6 16. Ngf3 cxb4 17. cxb4 g5 (17... Nxb4 $2 18. Nxe5 Bxe5 19. Bxe5 $18) 18. Nxe5 Nxe5 19. Bxe5 Bxe5 20. Nc4 dxc4 21. Qxd7 Rad8 22. Qg4 c3 23. Ba4 Re7 24. Rfd1 Rd6 25. Rxd6 Qxd6 26. Rd1 Qe6 27. Qe2 Rc7 28. Bb3 Qe7 29. Qd3 Rc6 {[%emt 0:01:57] Against Qg6+} 30. Bc2 Rd6 31. Qh7+ Kf8 32. Rf1 Qf6 33. g3 (33. Rd1 $11 {remains equal.}) 33... Rd2 $17 34. Bb3 b6 35. Qe4 Kg7 (35... b5 $15) 36. Bc2 (36. f4 $11 gxf4 37. gxf4) 36... Bd6 $15 {[%emt 0:00:38] Active counter play!} 37. a3 Qg6 38. Qd4+ Rxd4 $17 39. Bxg6 {[%emt 0:00:11][%mdl 4096] Endgame KRB-KRB} Rd2 (39... Kxg6 $2 40. exd4 a5 41. bxa5 bxa5 42. Rc1 $18) 40. Be4 Ra2 41. Rd1 Be5 42. f4 (42. Kf1 $142) 42... Bf6 43. Rd7 $2 {[%emt 0:00:00][%mdl 8192] [#] This costs White the game.} (43. b5 $17 {was worth a try.}) 43... c2 $19 44. Bxc2 Rxc2 45. Rxa7 {[%emt 0:00:00] KRB-KR} Re2 46. a4 Rxe3 47. Kg2 Rb3 48. fxg5 hxg5 49. b5 Bc3 50. Rc7 Ba5 51. Rc4 Rb4 52. Rxb4 Bxb4 {[%emt 0:00:05] Black mates.} 53. Kf3 f5 54. h4 g4+ 55. Kf4 Kf6 56. h5 Bd2# {[%emt 0:00:35] Weighted Error Value: White=0.49/Black=0.16 (very precise)} 0-1

[Event "Dutch Open 2022"]
[Site "Dieren"]
[Date "2022.07.29"]
[Round "4.1"]
[White "Lahaye, Rick"]
[Black "Van Roon, Sjoerd"]
[Result "1/2-1/2"]
[ECO "A07"]
[WhiteElo "2417"]
[BlackElo "2310"]
[Annotator "TA"]
[PlyCount "121"]
[EventDate "2022.07.14"]
[EventType "swiss"]
[EventCountry "NED"]
[SourceTitle "playchess.com"]
[Source "ChessBase"]
[SourceQuality "1"]
[TimeControl "40/5400+30:1800+30"]

1. g3 d5 2. Bg2 Nf6 3. Nf3 Bf5 4. d3 Nc6 5. a3 e5 6. O-O {[%emt 0:03:56] A07: Réti Opening: New York and Capablanca Systems.} a5 {[%emt 0:06:32] [#] Against b4} 7. Nc3 $146 ({Predecessor:} 7. Nbd2 Qd7 8. c4 dxc4 9. Nxc4 Bd6 10. Bg5 Qe6 11. Ne3 O-O 12. Nxf5 Qxf5 13. Bxf6 Qxf6 14. Qa4 e4 15. Nd2 exd3 16. exd3 Qxb2 17. Nc4 Qd4 18. Bxc6 {½-½ (18) Doncevic,D (2249)-Angun,B (2076) Skopje 2019}) 7... d4 8. Nb5 a4 9. Bd2 (9. c3 $5 ) 9... Na5 10. b4 axb3 $1 11. cxb3 Be6 ({Black should play} 11... Bd6 $14) 12. Nxe5 $16 c6 13. b4 $36 {[%emt 0:00:03][%mdl 2048] White is in control. White is more active.} Nb3 14. Nxc6 $1 bxc6 (14... Qb6 $16 15. Ncxd4 Nxd4 16. Nxd4 Qxd4) 15. Bxc6+ $18 Ke7 16. Bxa8 Qxa8 17. Nc7 Qc6 18. Nxe6 Qxe6 19. Rb1 Nxd2 20. Qxd2 h5 21. e3 (21. b5 $142) 21... h4 (21... dxe3 {might work better.} 22. Qxe3 Qxe3 23. fxe3 g6) 22. exd4 Qh3 $2 (22... Kd7 23. Rbc1 hxg3 24. fxg3 Bd6) 23. Qc2 {[%emt 0:00:53] And now Qc5+ would win.} hxg3 24. Qc7+ Nd7 25. Rbe1+ (25. Qxg3 g6 26. Rfc1 Qxg3+ 27. hxg3 (27. fxg3 Bg7 $16) 27... Bg7 $18) 25... Kf6 26. Qc6+ ({Don't take} 26. Qxg3 $6 g6 $16) 26... Kg5 27. f4+ Kh4 28. Re2 ({Worse is} 28. Qh1 gxh2+ 29. Qxh2 Qxh2+ 30. Kxh2 Kg4+ 31. Kg1 Rh3 $11) 28... Rh6 29. Qg2 Rg6 {[%emt 0:00:37] ...gxh2+ is the strong threat.} 30. Qxh3+ Kxh3 31. Re3 Kh4 (31... Nf6 $142 32. Rff3 Nh5) 32. hxg3+ Rxg3+ $2 (32... Kg4 33. Rc1 Rd6) 33. Kf2 Rg6 34. Kf3 Rg3+ 35. Kf2 (35. Ke2 $142 $1) 35... Rg6 36. Rh1+ Kg4 37. Rg1+ Kf5 38. Rxg6 fxg6 39. Re8 Bd6 40. Rd8 {[%emt 0:00:38] aiming for d5.} Ke6 41. Kf3 Nb6 {[%emt 0:33:04] Against Ra8} 42. Ke4 Nd5 43. Re8+ Be7 {[%emt 0:00:00] Strongly threatening ...Nf6+.} 44. Ra8 Bd6 45. Ra6 {[%emt 0:00:00] Threatens to win with Kf3.} Nc3+ 46. Ke3 Nd5+ (46... Kd5 {was necessary.} 47. Ra7 Nb5) 47. Kf3 Nc7 48. Ra7 (48. Ra5 $142) 48... Nb5 49. Rxg7 Kd5 {[%emt 0:00:00] [#]} 50. Rxg6 (50. a4 $1 $18 Nxd4+ 51. Kg4 Bxf4 52. a5) 50... Nxa3 $16 {[%emt 0:00:00] [#]} 51. b5 ({White has to play} 51. Kg4 $1 $16) 51... Nxb5 $14 52. Rg5+ Kc6 53. d5+ Kc5 {[%emt 0:00:00] The position is equal.} 54. f5 Be5 55. Ke3 Nd6 56. Kf3 Kxd5 57. Kg4 Kd4 58. Rg6 Kxd3 59. Re6 (59. Rxd6+ $5 Bxd6 60. Kh5 $11) 59... Ke4 60. f6 Kd5 61. Rxd6+ {[%emt 0:00:25] Black defended with fortune.  Weighted Error Value: White=0.41/Black=0.30} 1/2-1/2

[Event "Dutch Open 2022"]
[Site "Dieren"]
[Date "2022.07.29"]
[Round "4.2"]
[White "De Winter, Arthur"]
[Black "Elgersma, Onno"]
[Result "1/2-1/2"]
[ECO "B11"]
[WhiteElo "2150"]
[BlackElo "2316"]
[Annotator "TA"]
[PlyCount "130"]
[EventDate "2022.07.14"]
[EventType "swiss"]
[EventCountry "NED"]
[SourceTitle "playchess.com"]
[Source "ChessBase"]
[SourceQuality "1"]
[TimeControl "40/5400+30:1800+30"]

1. e4 c6 2. Nf3 d5 3. Nc3 dxe4 4. Nxe4 Nf6 5. Qe2 Nxe4 6. Qxe4 Qa5 {[%emt 0:00:11] B11: Caro-Kann: Two Knights Variation.} 7. Bc4 Bf5 8. Qf4 e6 9. c3 Nd7 10. O-O Be7 11. d4 O-O 12. Bd2 {[%emt 0:06:48] [#]} Qd8 $146 ({Predecessor:} 12... Rad8 13. a4 Bg6 14. b4 Qf5 15. a5 Nf6 16. Qxf5 Bxf5 17. Ra2 Ne4 18. Be1 Bf6 {0-1 (52) Kasioumis,V (2257)-Bailet,P (2500) Cattolica 2020}) 13. Rfe1 a5 14. Rad1 Nb6 15. Bf1 Nd5 16. Qe5 Bd6 17. Qe2 Bg4 18. h3 Bh5 19. g4 Bg6 20. Ne5 Bxe5 21. Qxe5 b5 22. Bg2 a4 23. Qg3 Qd7 24. h4 {[%emt 0:06:51] [#] Black must now prevent h5.} h5 25. Bf3 hxg4 26. Bxg4 Bf5 27. Bf3 f6 28. Re2 Qf7 29. Rde1 Rae8 30. Bf4 Rd8 31. Bd6 Rfe8 32. Bc5 Bh7 33. Bg2 {[%emt 0:02:40] A strong pair of Bishops.} f5 (33... Bg6 $11) 34. f4 {[%emt 0:01:04] White is more active.} (34. Qg5 $16) 34... Bg6 $14 35. b3 axb3 36. axb3 {[%emt 0:00:04] With the idea c4.} Bh5 37. Re5 Qg6 ({Black should play} 37... Rc8 $11) 38. Qg5 {[%emt 0:05:18] And now c4 would win.} Rc8 39. c4 bxc4 40. bxc4 Qxg5 41. fxg5 Nf4 42. Bf1 {[%emt 0:00:00] Prevents Nd3.} Ng6 {[%emt 0:07:34] The position is equal.} 43. Rxe6 Rxe6 44. Rxe6 Nxh4 45. Kf2 Nf3 $1 46. Bh3 f4 47. Bg2 Bf7 48. Rd6 Nxg5 49. Rxc6 {[%emt 0:00:00] [#]} Nh3+ $1 50. Ke1 Rxc6 51. Bxc6 Bxc4 $11 {[%emt 0:00:03][%mdl 4096] Endgame KBB-KBN} 52. d5 Ng5 53. Be7 Nf7 54. d6 Ne5 55. d7 Nxc6 56. d8=Q+ Nxd8 57. Bxd8 {[%emt 0:00:02] KB-KB} Kf7 {[%emt 0:00:57] ( -> ...Kg6)} 58. Bg5 f3 59. Kf2 Kg6 60. Bf4 Bd5 61. Bb8 Kf5 62. Bg3 Kg4 63. Bb8 Kh3 64. Bg3 g5 65. Bb8 g4 {[%emt 0:00:40] Weighted Error Value: White=0.06 (flawless) /Black=0.07 (flawless)} 1/2-1/2